[ AOE2 MATCH · #474598818 ]
UnrankedBritons vs Gurjaras
[ REPLAY ANALYSIS · EXTRACTED FROM THE RECORDED GAME ]
Feudal
12:25
Castle
16:02
Imperial
26:55
| APM avg | 42.2 |
| APM peak | 120 |
| eAPM avg | 21.5 |
| Villagers / military | 76 / 10 |
Focus
⚔️ 31.3% · 🌾 68.7%
Fishing Ship ×32 · Archer ×8 · Spearman ×2
Feudal
10:31
Castle
14:08
Imperial
—
| APM avg | 35.2 |
| APM peak | 72 |
| eAPM avg | 18.0 |
| Villagers / military | 66 / 19 |
Focus
⚔️ 24.4% · 🌾 75.6%
Fishing Ship ×17 · Elephant Archer ×13 · Mangonel ×6
Feudal
13:56
Castle
21:40
Imperial
—
| APM avg | 44.0 |
| APM peak | 81 |
| eAPM avg | 29.1 |
| Villagers / military | 66 / 40 |
Focus
⚔️ 36.0% · 🌾 64.0%
Scout Cavalry ×27 · Fishing Ship ×24 · Knight ×11 · Galley ×2
Feudal
13:07
Castle
16:40
Imperial
21:37
| APM avg | 49.2 |
| APM peak | 93 |
| eAPM avg | 20.5 |
| Villagers / military | 52 / 29 |
Focus
⚔️ 32.3% · 🌾 67.7%
Hand Cannoneer ×22 · Fishing Ship ×18 · Bombard Cannon ×6 · Monk ×1
Feudal
12:31
Castle
16:26
Imperial
—
| APM avg | 30.5 |
| APM peak | 68 |
| eAPM avg | 20.9 |
| Villagers / military | 56 / 18 |
Focus
⚔️ 31.2% · 🌾 68.8%
Knight ×18
Feudal
12:22
Castle
16:12
Imperial
—
| APM avg | 42.7 |
| APM peak | 82 |
| eAPM avg | 24.3 |
| Villagers / military | 59 / 18 |
Focus
⚔️ 25.1% · 🌾 74.9%
Monk ×12 · Mangonel ×3 · Fire Galley ×2 · Scorpion ×1
Feudal
10:13
Castle
14:05
Imperial
—
| APM avg | 52.2 |
| APM peak | 89 |
| eAPM avg | 24.5 |
| Villagers / military | 54 / 35 |
Focus
⚔️ 33.4% · 🌾 66.6%
Monk ×26 · Battering Ram ×5 · Missionary ×3 · Mangonel ×1
Feudal
11:46
Castle
15:16
Imperial
—
| APM avg | 58.1 |
| APM peak | 126 |
| eAPM avg | 30.2 |
| Villagers / military | 60 / 47 |
Focus
⚔️ 36.4% · 🌾 63.6%
Monk ×44 · Mangonel ×3
Match map
Initial resources + every placement click. Lines = walls · curves = elevation contours. ◆ gold · ⬟ stone · ● berries · ✦ relic · ◌ wall gap
Your base· ✓ Closed at 16:02 · 3t walls · no gate
KnightLifeAoC's base· ✓ Closed at 14:08 · 0t walls · no gate
noah!!!!!!!!!!'s base· ✓ Closed at 21:40 · 40t walls · 1 gate(s)
Rooster's base· ✓ Closed at 16:40 · 21t walls · no gate
Rodney McKay's base· ✓ Closed at 16:26 · 42t walls · no gate
NOC | Frehir's base· ✓ Closed at 16:12 · 35t walls · no gate
coolcat23's base· ✓ Closed at 14:05 · 6t walls · no gate
Somero's base· ✓ Closed at 15:16 · 29t walls · 1 gate(s)
Smoothed initial terrain · ◌ = detected wall gap · hover for details
Inputs per minute
— BalvinatoR - - KnightLifeAoC
Build order — BalvinatoR
First 150 of 216 actions detected
| 0:01 | Queue | Villager (Male) |
| 0:01 | Queue | Villager (Male) |
| 0:03 | Build | House |
| 0:04 | Build | House |
| 0:07 | Queue | Villager (Male) |
| 0:07 | Queue | Villager (Male) |
| 0:07 | Queue | Villager (Male) |
| 1:31 | Queue | Villager (Male) |
| 1:49 | Queue | Villager (Male) |
| 2:11 | Queue | Villager (Male) |
| 2:11 | Queue | Villager (Male) |
| 2:26 | Queue | Villager (Male) |
| 2:26 | Queue | Villager (Male) |
| 2:33 | Queue | Villager (Male) |
| 3:05 | Queue | Villager (Male) |
| 3:07 | Build | Lumber Camp |
| 3:32 | Queue | Villager (Male) |
| 3:39 | Build | Palisade Wall |
| 3:57 | Build | House |
| 4:20 | Queue | Villager (Male) |
| 4:22 | Queue | Villager (Male) |
| 4:40 | Queue | Villager (Male) |
| 5:15 | Build | Dock |
| 5:28 | Queue | Villager (Male) |
| 5:28 | Queue | Villager (Male) |
| 5:32 | Queue | Villager (Male) |
| 5:34 | Research | Loom |
| 5:43 | Build | House |
| 6:02 | Queue | Fishing Ship |
| 6:13 | Build | Palisade Wall |
| 6:27 | Build | House |
| 6:44 | Queue | Villager (Male) |
| 6:44 | Queue | Villager (Male) |
| 6:51 | Queue | Fishing Ship |
| 7:07 | Build | House |
| 7:13 | Queue | Villager (Male) |
| 7:14 | Queue | Villager (Male) |
| 7:14 | Queue | Villager (Male) |
| 7:55 | Queue | Fishing Ship |
| 8:26 | Queue | Villager (Male) |
| 8:47 | Queue | Villager (Male) |
| 8:50 | Queue | Villager (Male) |
| 8:55 | Queue | Fishing Ship |
| 9:20 | Build | Lumber Camp |
| 9:23 | Queue | Fishing Ship |
| 9:47 | Queue | Fishing Ship |
| 10:09 | Queue | Villager (Male) |
| 10:15 | Research | Feudal Age |
| 10:21 | Build | Mining Camp |
| 10:41 | Build | Mill |
| 11:03 | Queue | Fishing Ship |
| 12:19 | Queue | Villager (Male) |
| 12:19 | Queue | Villager (Male) |
| 12:25 | Age | Feudal Age |
| 12:27 | Build | Market |
| 12:29 | Build | House |
| 12:31 | Build | Blacksmith |
| 12:58 | Build | House |
| 13:22 | Research | Castle Age |
| 13:27 | Research | Double-Bit Axe |
| 13:29 | Research | Tech 906 |
| 13:35 | Build | House |
| 14:17 | Build | Fish Trap |
| 14:20 | Build | Fish Trap |
| 14:23 | Queue | Fishing Ship |
| 14:27 | Build | Fish Trap |
| 14:35 | Build | House |
| 15:06 | Queue | Villager (Male) |
| 15:07 | Queue | Villager (Male) |
| 15:16 | Queue | Villager (Male) |
| 15:20 | Build | House |
| 15:21 | Queue | Fishing Ship |
| 15:28 | Build | Fish Trap |
| 15:42 | Build | Fish Trap |
| 15:48 | Queue | Fishing Ship |
| 16:02 | Age | Castle Age |
| 16:10 | Build | Town Center |
| 16:13 | Build | Town Center |
| 16:16 | Research | Bow Saw |
| 16:16 | Queue | Villager (Male) |
| 16:27 | Build | Dock |
| 16:30 | Queue | Fishing Ship |
| 16:31 | Queue | Villager (Male) |
| 16:59 | Build | Fish Trap |
| 17:16 | Queue | Fishing Ship |
| 17:19 | Build | Fish Trap |
| 17:20 | Queue | Villager (Male) |
| 17:38 | Queue | Fishing Ship |
| 17:42 | Build | Dock |
| 17:54 | Build | Fish Trap |
| 17:58 | Build | Fish Trap |
| 18:07 | Queue | Villager (Male) ×5 |
| 18:10 | Queue | Villager (Male) |
| 18:12 | Queue | Villager (Male) |
| 18:18 | Build | House |
| 18:19 | Build | House |
| 18:23 | Build | Fish Trap |
| 18:25 | Queue | Fishing Ship |
| 18:25 | Queue | Fishing Ship |
| 18:31 | Build | House |
| 18:32 | Build | House |
| 18:45 | Queue | Fishing Ship |
| 18:50 | Build | Fish Trap |
| 18:56 | Build | Fish Trap |
| 19:01 | Build | Fish Trap |
| 19:05 | Queue | Villager (Male) |
| 19:09 | Queue | Villager (Male) |
| 19:09 | Queue | Villager (Male) |
| 19:09 | Queue | Villager (Male) |
| 19:12 | Queue | Villager (Male) |
| 19:24 | Build | Dock |
| 19:26 | Build | Fish Trap |
| 19:31 | Queue | Villager (Male) |
| 19:32 | Queue | Fishing Ship |
| 19:33 | Queue | Fishing Ship |
| 19:33 | Queue | Fishing Ship |
| 19:35 | Queue | Fishing Ship |
| 19:36 | Queue | Fishing Ship |
| 19:40 | Queue | Villager (Male) |
| 19:45 | Build | Fish Trap |
| 19:54 | Build | Dock |
| 19:56 | Queue | Villager (Male) |
| 20:07 | Queue | Villager (Male) |
| 20:09 | Build | House |
| 20:09 | Build | House |
| 20:10 | Build | House |
| 20:10 | Build | House |
| 20:12 | Queue | Fishing Ship |
| 20:12 | Queue | Fishing Ship |
| 20:30 | Build | Mining Camp |
| 20:37 | Build | House |
| 20:40 | Research | Gillnets |
| 20:40 | Queue | Villager (Male) ×5 |
| 20:43 | Queue | Fishing Ship |
| 20:43 | Queue | Fishing Ship |
| 20:57 | Build | Fish Trap |
| 20:58 | Queue | Fishing Ship |
| 21:05 | Build | Fish Trap |
| 21:11 | Build | House |
| 21:20 | Queue | Villager (Male) ×5 |
| 21:33 | Build | Fish Trap |
| 21:34 | Build | Fish Trap |
| 21:35 | Build | Fish Trap |
| 21:42 | Build | House |
| 21:42 | Queue | Villager (Male) |
| 21:45 | Build | Fish Trap |
| 21:46 | Queue | Villager (Male) |
| 21:49 | Queue | Villager (Male) |
| 22:02 | Build | Monastery |
| 22:03 | Queue | Villager (Male) |
Build order — KnightLifeAoC
First 150 of 173 actions detected
| 0:00 | Queue | Villager (Male) |
| 0:01 | Queue | Villager (Male) |
| 0:01 | Queue | Villager (Male) |
| 0:02 | Build | House |
| 0:05 | Build | Mill |
| 0:12 | Queue | Villager (Male) |
| 0:30 | Build | House |
| 1:35 | Queue | Villager (Male) |
| 2:03 | Queue | Villager (Male) |
| 2:03 | Queue | Villager (Male) |
| 2:22 | Queue | Villager (Male) |
| 2:41 | Queue | Villager (Male) |
| 3:00 | Queue | Villager (Male) |
| 3:22 | Queue | Villager (Male) |
| 3:35 | Build | Lumber Camp |
| 3:39 | Build | House |
| 3:45 | Queue | Villager (Male) |
| 4:05 | Queue | Villager (Male) |
| 4:41 | Queue | Villager (Male) |
| 5:06 | Queue | Villager (Male) |
| 5:28 | Queue | Villager (Male) |
| 6:04 | Build | Dock |
| 6:06 | Queue | Villager (Male) |
| 6:19 | Build | House |
| 6:27 | Queue | Villager (Male) |
| 6:45 | Queue | Fishing Ship |
| 7:01 | Queue | Villager (Male) |
| 7:12 | Queue | Fishing Ship |
| 7:15 | Queue | Villager (Male) |
| 7:32 | Queue | Villager (Male) |
| 7:50 | Queue | Fishing Ship |
| 7:53 | Build | House |
| 8:14 | Research | Feudal Age |
| 8:35 | Build | Mining Camp |
| 8:56 | Queue | Fishing Ship |
| 10:00 | Queue | Villager (Male) |
| 10:00 | Queue | Villager (Male) |
| 10:31 | Age | Feudal Age |
| 10:37 | Build | Market |
| 10:50 | Build | Blacksmith |
| 11:28 | Research | Castle Age |
| 11:35 | Build | House |
| 11:40 | Queue | Fishing Ship |
| 12:11 | Research | Double-Bit Axe |
| 12:42 | Build | Barracks |
| 12:49 | Build | House |
| 12:59 | Research | Gold Mining |
| 13:19 | Research | Fletching |
| 13:30 | Build | Archery Range |
| 13:43 | Queue | Villager (Male) |
| 13:43 | Queue | Villager (Male) |
| 14:08 | Age | Castle Age |
| 14:12 | Build | Siege Workshop |
| 14:14 | Queue | Elephant Archer |
| 14:14 | Queue | Elephant Archer |
| 14:38 | Queue | Villager (Male) |
| 14:39 | Queue | Elephant Archer |
| 14:49 | Queue | Mangonel |
| 14:51 | Queue | Elephant Archer |
| 14:59 | Build | House |
| 15:06 | Build | Lumber Camp |
| 15:15 | Queue | Fishing Ship |
| 15:17 | Queue | Villager (Male) |
| 15:32 | Queue | Mangonel |
| 15:33 | Queue | Villager (Male) |
| 16:01 | Build | House |
| 16:02 | Queue | Villager (Male) |
| 16:40 | Queue | Villager (Male) |
| 16:52 | Queue | Elephant Archer |
| 17:10 | Build | Fish Trap |
| 17:11 | Build | Fish Trap |
| 17:12 | Build | Fish Trap |
| 17:16 | Queue | Villager (Male) |
| 17:17 | Queue | Villager (Male) |
| 17:20 | Queue | Elephant Archer |
| 17:35 | Queue | Fishing Ship |
| 17:36 | Queue | Fishing Ship |
| 17:39 | Build | Fish Trap |
| 17:40 | Build | Fish Trap |
| 17:43 | Build | House |
| 17:44 | Build | House |
| 17:45 | Queue | Fishing Ship |
| 17:47 | Build | Mining Camp |
| 17:59 | Queue | Mangonel |
| 18:19 | Queue | Mangonel |
| 18:45 | Build | Fish Trap |
| 18:54 | Queue | Villager (Male) |
| 18:58 | Build | House |
| 18:58 | Build | House |
| 19:10 | Build | Town Center |
| 19:28 | Queue | Villager (Male) |
| 19:28 | Queue | Villager (Male) |
| 19:53 | Queue | Mangonel |
| 20:23 | Queue | Mangonel |
| 20:24 | Queue | Villager (Male) |
| 20:24 | Queue | Villager (Male) |
| 20:29 | Build | House |
| 20:30 | Build | House |
| 20:44 | Queue | Villager (Male) |
| 20:51 | Queue | Villager (Male) |
| 21:09 | Queue | Fishing Ship |
| 21:09 | Queue | Fishing Ship |
| 21:17 | Queue | Villager (Male) |
| 21:46 | Queue | Villager (Male) |
| 21:49 | Queue | Villager (Male) |
| 21:56 | Build | Town Center |
| 21:58 | Queue | Fishing Ship |
| 21:58 | Queue | Fishing Ship |
| 22:06 | Queue | Villager (Male) |
| 22:07 | Queue | Villager (Male) |
| 22:09 | Build | Fish Trap |
| 22:17 | Queue | Elephant Archer |
| 22:38 | Queue | Villager (Male) |
| 22:38 | Queue | Villager (Male) |
| 22:50 | Queue | Villager (Male) |
| 22:58 | Build | Fish Trap |
| 23:00 | Queue | Villager (Male) |
| 23:21 | Queue | Villager (Male) |
| 23:29 | Build | Fish Trap |
| 23:35 | Build | Lumber Camp |
| 23:38 | Queue | Villager (Male) |
| 23:47 | Queue | Villager (Male) |
| 23:51 | Build | Farm |
| 23:52 | Build | Farm |
| 23:52 | Build | Farm |
| 23:52 | Build | Farm |
| 23:52 | Build | Farm |
| 23:53 | Build | Farm |
| 23:53 | Build | Farm |
| 23:53 | Build | Farm |
| 23:56 | Build | Farm |
| 23:59 | Build | Farm |
| 23:59 | Build | Farm |
| 24:00 | Build | Farm |
| 24:00 | Build | Farm |
| 24:01 | Build | Farm |
| 24:08 | Build | Farm |
| 24:10 | Queue | Fishing Ship |
| 24:16 | Queue | Villager (Male) |
| 24:20 | Build | Fish Trap |
| 24:25 | Queue | Villager (Male) |
| 24:30 | Queue | Fishing Ship |
| 24:30 | Queue | Fishing Ship |
| 24:33 | Queue | Villager (Male) |
| 24:55 | Build | Fish Trap |
| 24:56 | Queue | Fishing Ship |
| 24:57 | Queue | Villager (Male) |
| 24:58 | Queue | Villager (Male) |
| 25:06 | Queue | Villager (Male) |
| 25:20 | Queue | Elephant Archer |
Build order — noah!!!!!!!!!!
First 150 of 230 actions detected
| 0:00 | Queue | Villager (Male) |
| 0:01 | Queue | Villager (Male) |
| 0:01 | Queue | Villager (Male) |
| 0:02 | Build | House |
| 0:03 | Build | House |
| 0:17 | Queue | Villager (Male) |
| 0:48 | Queue | Villager (Male) |
| 0:55 | Research | Loom |
| 0:55 | Queue | Villager (Male) |
| 1:11 | Build | Palisade Wall |
| 1:31 | Queue | Villager (Male) |
| 2:05 | Queue | Villager (Male) |
| 2:38 | Build | Palisade Wall |
| 2:39 | Build | Palisade Wall |
| 2:46 | Build | Palisade Wall |
| 2:49 | Queue | Villager (Male) |
| 3:13 | Queue | Villager (Male) |
| 3:43 | Queue | Villager (Male) |
| 4:09 | Build | House |
| 4:12 | Queue | Villager (Male) |
| 4:34 | Queue | Villager (Male) |
| 4:37 | Build | Lumber Camp |
| 4:50 | Queue | Villager (Male) |
| 5:23 | Build | Palisade Wall |
| 5:24 | Queue | Villager (Male) |
| 5:43 | Build | Palisade Wall |
| 5:51 | Queue | Villager (Male) |
| 5:52 | Queue | Villager (Male) |
| 6:05 | Queue | Villager (Male) |
| 6:13 | Build | Palisade Wall |
| 6:14 | Build | Palisade Wall |
| 6:47 | Build | Palisade Wall |
| 6:53 | Queue | Villager (Male) |
| 7:05 | Build | House |
| 7:27 | Build | Donjon |
| 7:30 | Queue | Villager (Male) |
| 7:30 | Queue | Villager (Male) |
| 7:30 | Queue | Villager (Male) |
| 7:49 | Build | House |
| 7:52 | Queue | Villager (Male) |
| 7:52 | Queue | Villager (Male) |
| 8:10 | Queue | Villager (Male) |
| 8:11 | Queue | Villager (Male) |
| 8:20 | Queue | Villager (Male) |
| 8:32 | Build | Palisade Wall |
| 8:50 | Build | Dock |
| 9:26 | Queue | Fishing Ship |
| 9:39 | Build | Mill |
| 9:42 | Queue | Villager (Male) |
| 9:52 | Queue | Villager (Male) |
| 10:02 | Queue | Fishing Ship |
| 10:09 | Build | House |
| 10:32 | Queue | Villager (Male) |
| 10:38 | Build | House |
| 10:44 | Queue | Fishing Ship |
| 11:05 | Queue | Fishing Ship |
| 11:46 | Research | Feudal Age |
| 11:50 | Build | Lumber Camp |
| 12:12 | Queue | Fishing Ship |
| 12:14 | Build | Mining Camp |
| 12:25 | Queue | Villager (Male) |
| 12:54 | Queue | Fishing Ship |
| 12:59 | Queue | Villager (Male) |
| 13:05 | Build | House |
| 13:08 | Queue | Fishing Ship |
| 13:27 | Queue | Villager (Male) |
| 13:37 | Queue | Fishing Ship |
| 13:43 | Build | Dock |
| 13:56 | Age | Feudal Age |
| 13:57 | Research | Double-Bit Axe |
| 13:59 | Research | Tech 906 |
| 13:59 | Research | Tech 906 |
| 14:08 | Build | Fish Trap |
| 14:16 | Build | Fish Trap |
| 14:29 | Queue | Villager (Male) |
| 14:32 | Queue | Fishing Ship |
| 14:35 | Build | House |
| 14:46 | Build | Fish Trap |
| 15:00 | Queue | Fishing Ship |
| 15:11 | Build | Fish Trap |
| 15:11 | Queue | Villager (Male) |
| 15:19 | Queue | Fishing Ship |
| 15:19 | Queue | Fishing Ship |
| 15:26 | Build | House |
| 15:27 | Build | House |
| 15:30 | Queue | Villager (Male) |
| 15:40 | Queue | Villager (Male) |
| 15:48 | Build | Market |
| 15:51 | Queue | Villager (Male) |
| 16:01 | Build | Gate |
| 16:02 | Build | Stone Wall |
| 16:11 | Build | Mining Camp |
| 16:18 | Build | Fish Trap |
| 16:24 | Build | Stone Wall |
| 16:25 | Build | Stone Wall |
| 16:26 | Build | Stone Wall |
| 16:27 | Build | Stone Wall |
| 16:28 | Build | Stone Wall |
| 16:35 | Queue | Fishing Ship |
| 16:35 | Queue | Fishing Ship |
| 16:38 | Queue | Villager (Male) |
| 16:58 | Build | Fish Trap |
| 17:03 | Queue | Villager (Male) |
| 17:08 | Build | Fish Trap |
| 17:22 | Queue | Villager (Male) |
| 17:24 | Queue | Fishing Ship |
| 17:35 | Build | Blacksmith |
| 17:50 | Build | Stone Wall |
| 17:53 | Build | Fish Trap |
| 17:57 | Build | Fish Trap |
| 18:20 | Build | Outpost |
| 18:22 | Queue | Fishing Ship |
| 18:23 | Queue | Fishing Ship |
| 18:25 | Build | Fish Trap |
| 18:29 | Build | Fish Trap |
| 19:00 | Build | Fish Trap |
| 19:00 | Research | Castle Age |
| 19:39 | Queue | Villager (Male) |
| 19:50 | Build | Fish Trap |
| 19:52 | Build | Fish Trap |
| 20:03 | Research | Fletching |
| 20:04 | Research | Fletching |
| 20:07 | Build | Fish Trap |
| 20:10 | Build | Fish Trap |
| 20:11 | Queue | Fishing Ship |
| 20:11 | Queue | Fishing Ship |
| 20:11 | Queue | Villager (Male) |
| 20:17 | Queue | Villager (Male) |
| 20:19 | Queue | Villager (Male) |
| 20:27 | Build | Donjon |
| 20:34 | Queue | Villager (Male) |
| 20:36 | Build | House |
| 20:37 | Build | House |
| 20:39 | Queue | Villager (Male) |
| 20:55 | Build | Donjon |
| 21:05 | Build | Fish Trap |
| 21:11 | Queue | Fishing Ship |
| 21:11 | Queue | Fishing Ship |
| 21:12 | Queue | Villager (Male) |
| 21:15 | Queue | Villager (Male) |
| 21:21 | Queue | Villager (Male) |
| 21:37 | Queue | Fishing Ship |
| 21:39 | Build | Fish Trap |
| 21:40 | Age | Castle Age |
| 21:56 | Research | Bodkin Arrow |
| 21:56 | Research | Bodkin Arrow |
| 21:59 | Queue | Villager (Male) |
| 22:03 | Build | Barracks |
| 22:08 | Build | Stable |
| 22:13 | Queue | Fishing Ship |
Build order — Rooster
First 150 of 172 actions detected
| 0:01 | Queue | Villager (Male) ×4 |
| 0:01 | Queue | Villager (Male) ×4 |
| 0:02 | Build | House |
| 0:04 | Build | House |
| 1:32 | Queue | Villager (Male) |
| 1:33 | Queue | Villager (Male) |
| 1:40 | Build | Palisade Wall |
| 2:25 | Queue | Villager (Male) |
| 2:25 | Queue | Villager (Male) |
| 2:26 | Queue | Villager (Male) |
| 2:57 | Queue | Villager (Male) |
| 2:57 | Queue | Villager (Male) |
| 3:16 | Build | House |
| 3:20 | Queue | Villager (Male) |
| 3:28 | Build | Palisade Wall |
| 3:37 | Build | Lumber Camp |
| 3:42 | Queue | Villager (Male) |
| 4:20 | Queue | Villager (Male) |
| 4:21 | Queue | Villager (Male) |
| 4:46 | Queue | Villager (Male) |
| 5:24 | Queue | Villager (Male) |
| 5:46 | Queue | Villager (Male) |
| 5:47 | Queue | Villager (Male) |
| 5:47 | Queue | Villager (Male) |
| 5:51 | Build | House |
| 6:30 | Build | Dock |
| 6:34 | Queue | Villager (Male) |
| 6:34 | Queue | Villager (Male) |
| 6:45 | Build | House |
| 6:47 | Build | Palisade Wall |
| 7:00 | Queue | Villager (Male) |
| 7:01 | Queue | Villager (Male) |
| 7:21 | Queue | Villager (Male) |
| 7:25 | Queue | Fishing Ship |
| 7:26 | Queue | Fishing Ship |
| 7:41 | Research | Loom |
| 7:41 | Research | Loom |
| 7:43 | Build | House |
| 7:56 | Queue | Villager (Male) |
| 8:01 | Queue | Fishing Ship |
| 8:09 | Build | House |
| 8:29 | Queue | Villager (Male) |
| 8:37 | Queue | Fishing Ship |
| 9:05 | Build | Palisade Wall |
| 9:06 | Build | Palisade Wall |
| 9:09 | Build | Palisade Wall |
| 9:09 | Build | Palisade Wall |
| 9:17 | Queue | Villager (Male) |
| 9:36 | Build | Palisade Wall |
| 9:46 | Queue | Villager (Male) |
| 9:51 | Build | House |
| 9:56 | Build | Palisade Wall |
| 10:10 | Build | Mill |
| 10:20 | Build | Mining Camp |
| 10:25 | Queue | Villager (Male) |
| 10:49 | Build | House |
| 10:57 | Research | Feudal Age |
| 12:38 | Queue | Fishing Ship |
| 13:00 | Queue | Villager (Male) |
| 13:00 | Queue | Villager (Male) |
| 13:07 | Age | Feudal Age |
| 13:09 | Build | Market |
| 13:11 | Build | Blacksmith |
| 13:22 | Queue | Fishing Ship |
| 14:00 | Research | Castle Age |
| 14:00 | Research | Castle Age |
| 14:01 | Queue | Fishing Ship |
| 14:05 | Research | Double-Bit Axe |
| 14:36 | Research | Tech 906 |
| 14:37 | Research | Tech 906 |
| 15:21 | Build | Fish Trap |
| 15:24 | Build | Fish Trap |
| 15:38 | Build | Lumber Camp |
| 16:40 | Age | Castle Age |
| 16:44 | Build | Monastery |
| 16:51 | Queue | Villager (Male) |
| 16:51 | Queue | Villager (Male) |
| 17:03 | Build | University |
| 17:33 | Queue | Monk |
| 17:39 | Build | Fish Trap |
| 17:41 | Build | Fish Trap |
| 17:43 | Build | Fish Trap |
| 17:48 | Build | Fish Trap |
| 18:01 | Queue | Villager (Male) |
| 18:27 | Research | Imperial Age |
| 18:28 | Research | Imperial Age |
| 18:30 | Queue | Fishing Ship |
| 18:52 | Research | Fervor |
| 18:52 | Research | Fervor |
| 18:58 | Research | Bow Saw |
| 19:04 | Queue | Fishing Ship |
| 19:07 | Build | Dock |
| 19:14 | Build | Fish Trap |
| 19:23 | Build | Stone Wall |
| 19:49 | Queue | Fishing Ship |
| 19:49 | Queue | Fishing Ship |
| 19:51 | Build | House |
| 19:51 | Build | House |
| 19:55 | Build | House |
| 19:58 | Build | Fish Trap |
| 20:13 | Research | Chemistry |
| 20:32 | Build | Siege Workshop |
| 20:44 | Build | Fish Trap |
| 20:48 | Build | Fish Trap |
| 20:56 | Build | Stone Wall |
| 21:11 | Queue | Villager (Male) |
| 21:11 | Queue | Villager (Male) |
| 21:16 | Build | Mining Camp |
| 21:30 | Build | Barracks |
| 21:37 | Age | Imperial Age |
| 21:54 | Queue | Bombard Cannon |
| 21:54 | Queue | Bombard Cannon |
| 22:05 | Build | Archery Range |
| 22:10 | Queue | Villager (Male) |
| 22:10 | Queue | Villager (Male) |
| 22:42 | Queue | Bombard Cannon |
| 22:42 | Queue | Bombard Cannon |
| 22:50 | Queue | Hand Cannoneer |
| 22:51 | Queue | Hand Cannoneer |
| 22:55 | Build | House |
| 23:06 | Queue | Villager (Male) |
| 23:17 | Build | Archery Range |
| 23:21 | Queue | Fishing Ship |
| 23:25 | Queue | Villager (Male) |
| 23:46 | Queue | Hand Cannoneer |
| 23:47 | Queue | Bombard Cannon |
| 23:55 | Queue | Villager (Male) |
| 23:59 | Build | Archery Range |
| 24:10 | Build | Fish Trap |
| 24:22 | Queue | Hand Cannoneer |
| 24:26 | Build | House |
| 24:27 | Build | House |
| 24:28 | Build | House |
| 24:30 | Queue | Hand Cannoneer |
| 24:37 | Build | House |
| 24:37 | Build | House |
| 24:38 | Queue | Villager (Male) |
| 24:38 | Queue | Villager (Male) |
| 24:40 | Queue | Hand Cannoneer |
| 24:53 | Queue | Hand Cannoneer |
| 24:53 | Queue | Hand Cannoneer |
| 24:53 | Queue | Hand Cannoneer |
| 24:56 | Queue | Bombard Cannon |
| 25:08 | Queue | Hand Cannoneer |
| 25:09 | Queue | Hand Cannoneer |
| 25:14 | Queue | Fishing Ship |
| 25:14 | Queue | Fishing Ship |
| 25:43 | Queue | Hand Cannoneer |
| 25:43 | Queue | Hand Cannoneer |
| 25:44 | Queue | Villager (Male) |
Build order — Rodney McKay
First 150 of 153 actions detected
| 0:01 | Queue | Villager (Male) |
| 0:02 | Build | House |
| 0:03 | Build | House |
| 0:08 | Queue | Villager (Male) |
| 0:08 | Research | Loom |
| 0:12 | Queue | Villager (Male) |
| 0:25 | Queue | Villager (Male) |
| 0:56 | Build | Palisade Wall |
| 1:49 | Queue | Villager (Male) |
| 2:26 | Queue | Villager (Male) |
| 2:26 | Queue | Villager (Male) |
| 2:36 | Build | Palisade Wall |
| 2:45 | Queue | Villager (Male) |
| 3:14 | Build | Palisade Wall |
| 3:22 | Queue | Villager (Male) |
| 3:32 | Build | Lumber Camp |
| 3:48 | Queue | Villager (Male) |
| 4:18 | Queue | Villager (Male) |
| 4:23 | Build | Palisade Wall |
| 4:33 | Build | Palisade Wall |
| 4:34 | Build | Palisade Wall |
| 4:35 | Build | Palisade Wall |
| 4:43 | Build | Palisade Wall |
| 4:47 | Queue | Villager (Male) |
| 5:07 | Queue | Villager (Male) |
| 5:31 | Build | Palisade Wall |
| 5:32 | Queue | Villager (Male) |
| 5:44 | Build | House |
| 5:48 | Build | Palisade Wall |
| 5:52 | Queue | Villager (Male) |
| 6:13 | Build | Palisade Wall |
| 6:28 | Queue | Villager (Male) |
| 6:58 | Build | Palisade Wall |
| 7:13 | Queue | Villager (Male) |
| 7:24 | Research | Double-Bit Axe |
| 7:42 | Queue | Villager (Male) |
| 8:03 | Build | House |
| 8:05 | Queue | Villager (Male) |
| 8:27 | Queue | Villager (Male) |
| 8:50 | Queue | Villager (Male) |
| 9:07 | Queue | Villager (Male) |
| 9:35 | Build | Mill |
| 9:42 | Queue | Villager (Male) |
| 9:46 | Build | House |
| 10:09 | Research | Feudal Age |
| 11:03 | Build | Mining Camp |
| 11:43 | Queue | Villager (Male) |
| 11:43 | Queue | Villager (Male) |
| 12:01 | Build | Palisade Wall |
| 12:15 | Build | Palisade Wall |
| 12:31 | Age | Feudal Age |
| 12:35 | Build | Palisade Wall |
| 12:39 | Build | Market |
| 12:45 | Queue | Villager (Male) |
| 12:49 | Build | Palisade Wall |
| 13:05 | Build | Blacksmith |
| 13:13 | Build | Stone Wall |
| 13:38 | Research | Castle Age |
| 14:09 | Build | Outpost |
| 14:26 | Research | Bow Saw |
| 15:33 | Build | Outpost |
| 15:45 | Build | Barracks |
| 16:02 | Research | Horse Collar |
| 16:19 | Queue | Villager (Male) |
| 16:19 | Queue | Villager (Male) |
| 16:26 | Age | Castle Age |
| 16:28 | Build | Stable |
| 16:57 | Build | House |
| 17:02 | Research | Heavy Plow |
| 17:04 | Queue | Knight |
| 17:04 | Queue | Knight |
| 17:07 | Build | House |
| 17:09 | Research | Gold Mining |
| 17:16 | Research | Wheelbarrow |
| 17:17 | Queue | Villager (Male) |
| 17:26 | Research | Cavalier (upgrade) |
| 17:37 | Queue | Villager (Male) |
| 17:39 | Build | Farm |
| 17:47 | Research | Scale Barding Armor |
| 17:50 | Build | Farm |
| 17:57 | Build | Farm |
| 18:00 | Build | House |
| 18:04 | Queue | Knight |
| 18:18 | Queue | Knight |
| 18:21 | Queue | Villager (Male) |
| 18:22 | Build | Farm |
| 18:26 | Build | Farm |
| 18:41 | Queue | Villager (Male) |
| 18:53 | Build | Outpost |
| 19:03 | Queue | Knight |
| 19:04 | Queue | Villager (Male) |
| 19:04 | Queue | Villager (Male) |
| 19:07 | Build | Farm |
| 19:08 | Build | Farm |
| 19:34 | Research | Cavalier (upgrade) |
| 19:35 | Queue | Villager (Male) |
| 19:36 | Build | House |
| 19:37 | Build | Farm |
| 20:09 | Build | Monastery |
| 20:10 | Queue | Villager (Male) |
| 20:17 | Queue | Villager (Male) |
| 20:21 | Queue | Knight |
| 20:42 | Research | Devotion |
| 21:01 | Queue | Villager (Male) |
| 21:17 | Queue | Villager (Male) |
| 21:19 | Build | Town Center |
| 21:22 | Queue | Knight |
| 21:36 | Queue | Knight |
| 21:53 | Queue | Knight |
| 21:55 | Queue | Villager (Male) |
| 22:00 | Build | Farm |
| 22:32 | Queue | Knight |
| 22:39 | Queue | Knight |
| 22:39 | Queue | Knight |
| 22:43 | Build | Stable |
| 22:44 | Queue | Villager (Male) |
| 22:45 | Build | Farm |
| 23:01 | Build | Farm |
| 23:02 | Build | Farm |
| 23:02 | Build | Farm |
| 23:05 | Queue | Villager (Male) |
| 23:05 | Queue | Villager (Male) |
| 23:49 | Queue | Knight |
| 23:55 | Queue | Villager (Male) |
| 23:55 | Queue | Villager (Male) |
| 23:56 | Build | Farm |
| 23:56 | Build | Farm |
| 23:57 | Build | Farm |
| 23:57 | Build | Farm |
| 24:11 | Queue | Villager (Male) |
| 24:13 | Build | Farm |
| 24:14 | Build | Farm |
| 24:36 | Queue | Knight |
| 24:42 | Queue | Villager (Male) |
| 24:42 | Queue | Villager (Male) |
| 24:46 | Queue | Villager (Male) |
| 24:48 | Build | Farm |
| 24:48 | Build | Farm |
| 24:48 | Build | Farm |
| 24:48 | Build | Farm |
| 24:51 | Build | House |
| 24:52 | Queue | Villager (Male) |
| 25:15 | Queue | Villager (Male) |
| 25:16 | Queue | Knight |
| 25:33 | Queue | Knight |
| 25:33 | Queue | Knight |
| 25:42 | Queue | Villager (Male) |
| 25:49 | Queue | Villager (Male) |
| 25:58 | Queue | Villager (Male) |
| 26:03 | Build | Town Center |
Build order — NOC | Frehir
First 150 of 159 actions detected
| 0:01 | Queue | Villager (Male) |
| 0:01 | Queue | Villager (Male) |
| 0:02 | Build | House |
| 0:04 | Build | House |
| 0:26 | Queue | Villager (Male) |
| 0:26 | Queue | Villager (Male) |
| 0:51 | Research | Loom |
| 0:52 | Queue | Villager (Male) |
| 0:52 | Queue | Villager (Male) |
| 0:52 | Queue | Villager (Male) |
| 2:11 | Build | Palisade Wall |
| 2:15 | Queue | Villager (Male) |
| 2:35 | Queue | Villager (Male) |
| 3:00 | Queue | Villager (Male) |
| 3:38 | Queue | Villager (Male) |
| 3:38 | Queue | Villager (Male) |
| 3:59 | Build | Palisade Wall |
| 4:09 | Queue | Villager (Male) |
| 4:35 | Build | Lumber Camp |
| 4:37 | Queue | Villager (Male) |
| 4:56 | Build | Palisade Wall |
| 5:02 | Queue | Villager (Male) |
| 5:25 | Queue | Villager (Male) |
| 5:34 | Build | House |
| 5:51 | Queue | Villager (Male) |
| 6:20 | Queue | Villager (Male) |
| 6:20 | Queue | Villager (Male) |
| 6:49 | Build | House |
| 7:07 | Build | Mill |
| 7:11 | Queue | Villager (Male) |
| 7:11 | Queue | Villager (Male) |
| 7:37 | Build | Palisade Wall |
| 7:37 | Build | Palisade Wall |
| 7:43 | Queue | Villager (Male) |
| 7:43 | Queue | Villager (Male) |
| 8:12 | Build | Palisade Wall |
| 8:21 | Build | Palisade Wall |
| 8:23 | Queue | Villager (Male) |
| 8:35 | Build | Palisade Wall |
| 8:39 | Build | House |
| 8:55 | Queue | Villager (Male) |
| 9:18 | Queue | Villager (Male) |
| 9:50 | Build | Mining Camp |
| 10:07 | Queue | Villager (Male) |
| 10:12 | Research | Feudal Age |
| 10:12 | Research | Feudal Age |
| 10:20 | Build | Palisade Wall |
| 10:49 | Build | Palisade Wall |
| 12:22 | Age | Feudal Age |
| 12:28 | Build | Blacksmith |
| 12:30 | Build | Market |
| 12:31 | Queue | Villager (Male) |
| 12:32 | Queue | Villager (Male) |
| 12:35 | Build | House |
| 12:37 | Research | Town Watch |
| 12:38 | Queue | Villager (Male) |
| 12:38 | Queue | Villager (Male) |
| 13:32 | Research | Castle Age |
| 13:33 | Research | Castle Age |
| 13:52 | Build | Lumber Camp |
| 13:53 | Research | Double-Bit Axe |
| 14:16 | Build | Mining Camp |
| 14:17 | Research | Gold Mining |
| 14:41 | Research | Horse Collar |
| 14:52 | Queue | Villager (Male) |
| 15:33 | Build | House |
| 16:04 | Build | Stone Wall |
| 16:12 | Age | Castle Age |
| 16:18 | Build | Siege Workshop |
| 16:21 | Queue | Villager (Male) |
| 16:34 | Build | Monastery |
| 16:43 | Build | Lumber Camp |
| 16:44 | Queue | Villager (Male) |
| 17:00 | Queue | Mangonel |
| 17:09 | Build | Monastery |
| 17:12 | Queue | Villager (Male) |
| 17:17 | Queue | Monk |
| 17:23 | Build | Stone Wall |
| 17:45 | Build | Gate |
| 17:48 | Queue | Monk |
| 17:52 | Build | House |
| 18:00 | Queue | Villager (Male) |
| 18:18 | Queue | Monk |
| 18:22 | Queue | Villager (Male) |
| 18:23 | Build | House |
| 18:50 | Research | Sanctity |
| 18:51 | Queue | Villager (Male) |
| 18:51 | Queue | Villager (Male) |
| 19:04 | Queue | Villager (Male) |
| 19:13 | Build | Farm |
| 19:13 | Build | Farm |
| 19:13 | Build | Farm |
| 19:14 | Build | Farm |
| 19:16 | Build | Farm |
| 19:27 | Build | Stone Wall |
| 19:48 | Queue | Mangonel |
| 19:55 | Queue | Villager (Male) |
| 20:14 | Queue | Villager (Male) |
| 20:14 | Queue | Villager (Male) |
| 20:28 | Research | Redemption |
| 20:29 | Research | Redemption |
| 20:57 | Queue | Monk |
| 21:22 | Queue | Villager (Male) |
| 21:24 | Queue | Monk |
| 21:27 | Build | House |
| 21:29 | Build | House |
| 21:29 | Build | House |
| 21:29 | Build | House |
| 21:40 | Build | Town Center |
| 21:52 | Queue | Mangonel |
| 21:58 | Queue | Villager (Male) |
| 22:15 | Research | Fervor |
| 22:20 | Queue | Monk |
| 22:55 | Queue | Villager (Male) |
| 22:58 | Build | Lumber Camp |
| 22:59 | Queue | Villager (Male) |
| 23:00 | Queue | Monk |
| 23:00 | Queue | Monk |
| 23:07 | Build | Farm |
| 23:24 | Queue | Villager (Male) |
| 23:32 | Queue | Villager (Male) |
| 23:36 | Build | Farm |
| 23:37 | Build | Farm |
| 23:37 | Build | Farm |
| 23:37 | Build | Farm |
| 23:46 | Queue | Villager (Male) |
| 23:46 | Queue | Villager (Male) |
| 23:57 | Research | Bow Saw |
| 24:14 | Queue | Scorpion |
| 24:20 | Queue | Villager (Male) |
| 24:25 | Queue | Villager (Male) |
| 24:25 | Queue | Villager (Male) |
| 24:27 | Build | Farm |
| 24:27 | Build | Farm |
| 24:28 | Build | Farm |
| 24:28 | Build | Farm |
| 24:28 | Build | Farm |
| 24:28 | Build | Farm |
| 24:50 | Queue | Monk |
| 25:00 | Queue | Villager (Male) |
| 25:00 | Queue | Villager (Male) |
| 25:05 | Build | Town Center |
| 25:06 | Queue | Villager (Male) |
| 25:41 | Queue | Monk |
| 25:42 | Queue | Monk |
| 26:07 | Queue | Monk |
| 26:11 | Queue | Villager (Male) |
| 26:12 | Queue | Villager (Male) |
| 26:15 | Build | House |
| 26:15 | Build | House |
Build order — coolcat23
First 150 of 151 actions detected
| 0:00 | Queue | Villager (Male) |
| 0:00 | Queue | Villager (Male) |
| 0:00 | Queue | Villager (Male) |
| 0:01 | Queue | Villager (Male) |
| 0:01 | Queue | Villager (Male) |
| 0:02 | Build | House |
| 0:03 | Build | House |
| 1:27 | Queue | Villager (Male) |
| 1:27 | Queue | Villager (Male) |
| 2:01 | Queue | Villager (Male) |
| 2:01 | Queue | Villager (Male) |
| 2:03 | Build | Lumber Camp |
| 2:24 | Queue | Villager (Male) |
| 2:25 | Queue | Villager (Male) |
| 2:45 | Queue | Villager (Male) |
| 2:57 | Queue | Villager (Male) |
| 3:24 | Build | House |
| 3:34 | Queue | Villager (Male) |
| 3:34 | Queue | Villager (Male) |
| 3:43 | Queue | Villager (Male) |
| 4:20 | Queue | Villager (Male) |
| 4:33 | Build | Mill |
| 4:52 | Queue | Villager (Male) |
| 4:53 | Queue | Villager (Male) |
| 4:53 | Queue | Villager (Male) |
| 5:28 | Queue | Villager (Male) |
| 5:29 | Queue | Villager (Male) |
| 5:36 | Queue | Villager (Male) |
| 5:51 | Queue | Villager (Male) |
| 5:54 | Build | House |
| 6:07 | Build | Palisade Wall |
| 6:09 | Build | Palisade Wall |
| 6:12 | Build | Palisade Wall |
| 6:14 | Build | Palisade Wall |
| 6:22 | Build | Palisade Wall |
| 6:23 | Build | Palisade Wall |
| 6:55 | Build | Mining Camp |
| 7:15 | Queue | Villager (Male) |
| 8:03 | Research | Feudal Age |
| 8:03 | Research | Feudal Age |
| 8:03 | Research | Feudal Age |
| 8:03 | Research | Feudal Age |
| 8:03 | Research | Feudal Age |
| 8:51 | Queue | Villager (Male) |
| 9:13 | Queue | Villager (Male) |
| 10:07 | Queue | Villager (Male) |
| 10:13 | Age | Feudal Age |
| 10:17 | Build | Market |
| 10:18 | Build | Blacksmith |
| 11:25 | Research | Castle Age |
| 11:25 | Research | Castle Age |
| 11:25 | Research | Castle Age |
| 11:25 | Research | Castle Age |
| 11:25 | Research | Castle Age |
| 11:25 | Research | Castle Age |
| 12:27 | Build | House |
| 12:48 | Research | Double-Bit Axe |
| 13:16 | Research | Gold Mining |
| 14:00 | Queue | Villager (Male) |
| 14:00 | Queue | Villager (Male) |
| 14:05 | Age | Castle Age |
| 14:08 | Build | Siege Workshop |
| 14:09 | Build | Monastery |
| 14:26 | Queue | Villager (Male) |
| 14:43 | Queue | Missionary |
| 14:44 | Queue | Battering Ram |
| 14:50 | Build | House |
| 14:58 | Queue | Villager (Male) |
| 15:17 | Queue | Missionary |
| 15:19 | Build | House |
| 15:41 | Research | Redemption |
| 15:44 | Build | House |
| 15:49 | Queue | Battering Ram |
| 16:06 | Build | House |
| 16:07 | Queue | Villager (Male) |
| 16:07 | Queue | Villager (Male) |
| 16:35 | Research | Sanctity |
| 16:35 | Research | Sanctity |
| 16:38 | Build | House |
| 17:01 | Queue | Mangonel |
| 17:11 | Queue | Villager (Male) |
| 17:36 | Queue | Missionary |
| 17:44 | Build | Monastery |
| 17:46 | Queue | Villager (Male) |
| 18:42 | Queue | Monk |
| 18:42 | Queue | Monk |
| 18:53 | Queue | Monk |
| 18:53 | Queue | Monk |
| 18:53 | Queue | Villager (Male) |
| 18:56 | Build | House |
| 18:57 | Queue | Villager (Male) |
| 18:57 | Queue | Villager (Male) |
| 18:59 | Build | Farm |
| 19:00 | Build | Farm |
| 19:01 | Research | Horse Collar |
| 19:01 | Research | Horse Collar |
| 19:26 | Queue | Monk |
| 19:29 | Build | Farm |
| 19:30 | Build | Farm |
| 19:31 | Build | Farm |
| 19:43 | Queue | Villager (Male) |
| 19:47 | Build | Mining Camp |
| 20:37 | Research | Atonement |
| 20:37 | Research | Atonement |
| 20:51 | Queue | Villager (Male) |
| 20:53 | Build | Farm |
| 20:54 | Build | Farm |
| 21:09 | Queue | Monk |
| 21:36 | Queue | Monk |
| 21:37 | Queue | Villager (Male) |
| 22:06 | Queue | Monk |
| 22:06 | Queue | Monk |
| 22:06 | Queue | Monk |
| 22:26 | Queue | Monk |
| 22:26 | Queue | Monk |
| 22:43 | Queue | Monk |
| 22:44 | Queue | Villager (Male) |
| 22:57 | Queue | Villager (Male) |
| 22:58 | Queue | Villager (Male) |
| 23:03 | Build | Town Center |
| 23:05 | Queue | Monk |
| 23:13 | Queue | Battering Ram |
| 23:46 | Queue | Villager (Male) |
| 23:47 | Queue | Villager (Male) |
| 24:33 | Queue | Monk |
| 24:50 | Queue | Villager (Male) |
| 24:50 | Queue | Villager (Male) |
| 24:53 | Queue | Villager (Male) |
| 24:53 | Queue | Villager (Male) |
| 24:56 | Queue | Battering Ram |
| 25:11 | Build | Monastery |
| 25:11 | Queue | Villager (Male) |
| 25:12 | Queue | Monk |
| 25:12 | Queue | Monk |
| 25:18 | Queue | Monk |
| 25:22 | Queue | Monk |
| 25:22 | Queue | Monk |
| 25:29 | Queue | Monk |
| 25:29 | Queue | Monk |
| 25:29 | Queue | Monk |
| 25:39 | Queue | Monk |
| 25:39 | Queue | Villager (Male) |
| 25:51 | Queue | Battering Ram |
| 25:51 | Queue | Villager (Male) |
| 26:03 | Research | Devotion |
| 26:14 | Queue | Monk |
| 26:15 | Queue | Monk |
| 26:16 | Build | Farm |
| 26:16 | Build | Farm |
| 26:17 | Build | Farm |
Build order — Somero
First 150 of 160 actions detected
| 0:01 | Queue | Villager (Male) |
| 0:01 | Queue | Villager (Male) |
| 0:01 | Queue | Villager (Male) |
| 0:02 | Build | House |
| 0:03 | Build | House |
| 0:16 | Queue | Villager (Male) |
| 0:49 | Research | Loom |
| 0:50 | Queue | Villager (Male) |
| 1:40 | Queue | Villager (Male) |
| 2:29 | Queue | Villager (Male) |
| 2:29 | Queue | Villager (Male) |
| 2:37 | Build | Palisade Wall |
| 2:44 | Build | Palisade Gate |
| 2:49 | Build | Palisade Wall |
| 2:50 | Queue | Villager (Male) |
| 3:02 | Build | Palisade Wall |
| 3:04 | Build | Palisade Wall |
| 3:17 | Queue | Villager (Male) |
| 3:30 | Queue | Villager (Male) |
| 3:47 | Build | Settlement |
| 4:02 | Queue | Villager (Male) |
| 4:12 | Build | House |
| 4:26 | Queue | Villager (Male) |
| 5:00 | Queue | Villager (Male) |
| 5:17 | Queue | Villager (Male) |
| 5:17 | Queue | Villager (Male) |
| 5:51 | Queue | Villager (Male) |
| 5:51 | Queue | Villager (Male) |
| 5:51 | Queue | Villager (Male) |
| 6:02 | Queue | Villager (Male) |
| 6:21 | Queue | Villager (Male) |
| 6:22 | Queue | Villager (Male) |
| 6:45 | Build | Palisade Wall |
| 6:57 | Build | Farm |
| 6:58 | Build | Farm |
| 7:02 | Queue | Villager (Male) |
| 7:08 | Queue | Villager (Male) |
| 7:09 | Queue | Villager (Male) |
| 7:22 | Build | Settlement |
| 7:57 | Queue | Villager (Male) |
| 8:25 | Queue | Villager (Male) |
| 8:29 | Build | Farm |
| 8:35 | Build | Farm |
| 9:26 | Research | Feudal Age |
| 10:14 | Queue | Villager (Male) |
| 10:15 | Queue | Villager (Male) |
| 11:46 | Age | Feudal Age |
| 11:47 | Build | Market |
| 11:48 | Build | Blacksmith |
| 11:54 | Build | Stone Wall |
| 11:56 | Build | Stone Wall |
| 11:57 | Build | Stone Wall |
| 11:59 | Build | Stone Wall |
| 12:00 | Build | Stone Wall |
| 12:34 | Research | Castle Age |
| 13:16 | Research | Double-Bit Axe |
| 13:30 | Build | Stone Wall |
| 13:52 | Build | Outpost |
| 13:54 | Queue | Villager (Male) |
| 13:55 | Queue | Villager (Male) |
| 14:10 | Build | House |
| 14:42 | Research | Horse Collar |
| 14:45 | Build | Farm |
| 14:49 | Build | Farm |
| 15:16 | Age | Castle Age |
| 15:20 | Build | Town Center |
| 15:27 | Queue | Villager (Male) |
| 15:37 | Build | Stone Wall |
| 15:38 | Build | Siege Workshop |
| 15:43 | Queue | Villager (Male) |
| 16:05 | Queue | Mangonel |
| 16:10 | Queue | Villager (Male) |
| 16:13 | Build | Stone Wall |
| 16:16 | Build | Stone Wall |
| 16:18 | Queue | Villager (Male) |
| 16:32 | Queue | Villager (Male) |
| 16:36 | Build | Stone Wall |
| 16:44 | Build | Stone Wall |
| 16:52 | Build | Stone Wall |
| 16:55 | Queue | Villager (Male) |
| 16:55 | Queue | Villager (Male) |
| 16:57 | Queue | Villager (Male) |
| 16:58 | Queue | Villager (Male) |
| 17:02 | Build | Stone Wall |
| 17:05 | Build | Stone Wall |
| 17:09 | Build | Stone Wall |
| 17:13 | Queue | Villager (Male) |
| 17:17 | Queue | Villager (Male) |
| 17:18 | Queue | Villager (Male) |
| 17:24 | Build | House |
| 17:25 | Build | House |
| 17:49 | Build | Stone Wall |
| 17:56 | Queue | Villager (Male) |
| 17:56 | Queue | Villager (Male) |
| 18:10 | Queue | Villager (Male) |
| 18:26 | Queue | Villager (Male) |
| 18:33 | Queue | Villager (Male) |
| 18:33 | Queue | Villager (Male) |
| 18:45 | Queue | Mangonel |
| 18:49 | Build | House |
| 19:16 | Queue | Villager (Male) |
| 19:17 | Queue | Villager (Male) |
| 19:18 | Build | Monastery |
| 19:23 | Build | Stone Wall |
| 19:37 | Build | Monastery |
| 19:43 | Queue | Villager (Male) |
| 19:52 | Queue | Monk |
| 20:06 | Build | Monastery |
| 20:12 | Queue | Villager (Male) |
| 20:16 | Research | Atonement |
| 20:23 | Queue | Monk |
| 20:26 | Build | House |
| 20:34 | Queue | Mangonel |
| 20:44 | Queue | Monk |
| 20:44 | Queue | Monk |
| 20:57 | Build | Monastery |
| 20:59 | Queue | Monk |
| 21:14 | Queue | Monk |
| 21:31 | Queue | Monk |
| 21:34 | Queue | Villager (Male) |
| 21:34 | Queue | Villager (Male) |
| 21:34 | Queue | Villager (Male) |
| 21:34 | Queue | Villager (Male) |
| 21:58 | Queue | Monk |
| 21:58 | Queue | Monk |
| 22:01 | Build | House |
| 22:19 | Queue | Monk |
| 22:34 | Queue | Monk |
| 22:39 | Build | Monastery |
| 22:50 | Queue | Monk |
| 22:59 | Build | Monastery |
| 23:00 | Build | Monastery |
| 23:01 | Queue | Monk |
| 23:01 | Queue | Monk |
| 23:21 | Queue | Monk |
| 23:22 | Queue | Monk |
| 23:30 | Queue | Monk |
| 23:39 | Queue | Villager (Male) |
| 23:40 | Queue | Villager (Male) |
| 23:40 | Queue | Villager (Male) |
| 23:42 | Queue | Monk ×4 |
| 23:48 | Build | House |
| 24:24 | Queue | Monk |
| 24:24 | Queue | Monk |
| 24:25 | Queue | Monk |
| 24:26 | Queue | Monk |
| 24:27 | Queue | Monk |
| 24:43 | Queue | Monk |
| 24:51 | Queue | Monk ×3 |
| 25:12 | Queue | Monk |
Match timeline
| 0:56 | Rodney McKay · wall_segment Palisade Wall x8 |
| 1:11 | noah!!!!!!!!!! · wall_segment Palisade Wall x6 |
| 1:40 | Rooster · wall_segment Palisade Wall x14 |
| 2:11 | NOC | Frehir · wall_segment Palisade Wall x1 |
| 2:36 | Rodney McKay · wall_segment Palisade Wall x1 |
| 2:37 | Somero · wall_segment Palisade Wall x1 |
| 2:38 | noah!!!!!!!!!! · wall_segment Palisade Wall x1 |
| 2:39 | noah!!!!!!!!!! · wall_segment Palisade Wall x1 |
| 2:46 | noah!!!!!!!!!! · wall_segment Palisade Wall x1 |
| 2:49 | Somero · wall_segment Palisade Wall x6 |
| 3:02 | Somero · wall_segment Palisade Wall x1 |
| 3:04 | Somero · wall_segment Palisade Wall x1 |
| 3:14 | Rodney McKay · wall_segment Palisade Wall x1 |
| 3:28 | Rooster · wall_segment Palisade Wall x1 |
| 3:39 | BalvinatoR · wall_segment Palisade Wall x2 |
| 3:59 | NOC | Frehir · wall_segment Palisade Wall x10 |
| 4:23 | Rodney McKay · wall_segment Palisade Wall x6 |
| 4:33 | Rodney McKay · wall_segment Palisade Wall x1 |
| 4:34 | Rodney McKay · wall_segment Palisade Wall x1 |
| 4:35 | Rodney McKay · wall_segment Palisade Wall x1 |
| 4:43 | Rodney McKay · wall_segment Palisade Wall x1 |
| 4:56 | NOC | Frehir · wall_segment Palisade Wall x1 |
| 5:15 | BalvinatoR · first_building Dock |
| 5:23 | noah!!!!!!!!!! · wall_segment Palisade Wall x1 |
| 5:31 | Rodney McKay · wall_segment Palisade Wall x1 |
| 5:43 | noah!!!!!!!!!! · wall_segment Palisade Wall x11 |
| 5:48 | Rodney McKay · wall_segment Palisade Wall x9 |
| 6:04 | KnightLifeAoC · first_building Dock |
| 6:07 | coolcat23 · wall_segment Palisade Wall x1 |
| 6:09 | coolcat23 · wall_segment Palisade Wall x1 |
| 6:12 | coolcat23 · wall_segment Palisade Wall x1 |
| 6:13 | noah!!!!!!!!!! · wall_segment Palisade Wall x2 |
| 6:13 | BalvinatoR · wall_segment Palisade Wall x1 |
| 6:13 | Rodney McKay · wall_segment Palisade Wall x1 |
| 6:14 | noah!!!!!!!!!! · wall_segment Palisade Wall x6 |
| 6:14 | coolcat23 · wall_segment Palisade Wall x1 |
| 6:22 | coolcat23 · wall_segment Palisade Wall x1 |
| 6:23 | coolcat23 · wall_segment Palisade Wall x1 |
| 6:30 | Rooster · first_building Dock |
| 6:45 | Somero · wall_segment Palisade Wall x5 |
| 6:47 | Rooster · wall_segment Palisade Wall x1 |
| 6:47 | noah!!!!!!!!!! · wall_segment Palisade Wall x1 |
| 6:58 | Rodney McKay · wall_segment Palisade Wall x1 |
| 7:27 | noah!!!!!!!!!! · first_building Donjon |
| 7:37 | NOC | Frehir · wall_segment Palisade Wall x1 |
| 7:37 | NOC | Frehir · wall_segment Palisade Wall x1 |
| 8:12 | NOC | Frehir · wall_segment Palisade Wall x1 |
| 8:21 | NOC | Frehir · wall_segment Palisade Wall x1 |
| 8:32 | noah!!!!!!!!!! · wall_segment Palisade Wall x11 |
| 8:35 | NOC | Frehir · wall_segment Palisade Wall x1 |
| 8:50 | noah!!!!!!!!!! · first_building Dock |
| 9:05 | Rooster · wall_segment Palisade Wall x1 |
| 9:06 | Rooster · wall_segment Palisade Wall x1 |
| 9:09 | Rooster · wall_segment Palisade Wall x1 |
| 9:09 | Rooster · wall_segment Palisade Wall x1 |
| 9:36 | Rooster · wall_segment Palisade Wall x1 |
| 9:56 | Rooster · wall_segment Palisade Wall x1 |
| 10:13 | coolcat23 · age_up feudal |
| 10:20 | NOC | Frehir · wall_segment Palisade Wall x10 |
| 10:31 | KnightLifeAoC · age_up feudal |
| 10:49 | NOC | Frehir · wall_segment Palisade Wall x11 |
| 11:46 | Somero · age_up feudal |
| 11:54 | Somero · wall_segment Stone Wall x3 |
| 11:56 | Somero · wall_segment Stone Wall x2 |
| 11:57 | Somero · wall_segment Stone Wall x1 |
| 11:59 | Somero · wall_segment Stone Wall x3 |
| 12:00 | Somero · wall_segment Stone Wall x1 |
| 12:01 | Rodney McKay · wall_segment Palisade Wall x1 |
| 12:15 | Rodney McKay · wall_segment Palisade Wall x1 |
| 12:22 | NOC | Frehir · age_up feudal |
| 12:25 | BalvinatoR · age_up feudal |
| 12:31 | Rodney McKay · age_up feudal |
| 12:35 | Rodney McKay · wall_segment Palisade Wall x1 |
| 12:38 | KnightLifeAoC · first_market_sell 100 stone |
| 12:39 | KnightLifeAoC · first_market_buy 100 wood |
| 12:42 | KnightLifeAoC · first_building Barracks |
| 12:49 | Rodney McKay · wall_segment Palisade Wall x1 |
| 13:07 | Rooster · age_up feudal |
| 13:13 | Rodney McKay · wall_segment Stone Wall x8 |
| 13:21 | BalvinatoR · first_market_sell 100 wood |
| 13:30 | KnightLifeAoC · first_building Archery Range |
| 13:30 | Somero · wall_segment Stone Wall x6 |
| 13:32 | NOC | Frehir · first_market_sell 100 stone |
| 13:56 | noah!!!!!!!!!! · age_up feudal |
| 14:05 | coolcat23 · age_up castle |
| 14:08 | coolcat23 · first_building Siege Workshop |
| 14:08 | KnightLifeAoC · age_up castle |
| 14:09 | coolcat23 · first_building Monastery |
| 14:12 | KnightLifeAoC · first_building Siege Workshop |
| 15:16 | Somero · age_up castle |
| 15:37 | Somero · wall_segment Stone Wall x4 |
| 15:38 | Somero · first_building Siege Workshop |
| 15:45 | Rodney McKay · first_building Barracks |
| 16:02 | noah!!!!!!!!!! · wall_segment Stone Wall x1 |
| 16:02 | BalvinatoR · age_up castle |
| 16:04 | NOC | Frehir · wall_segment Stone Wall x8 |
| 16:12 | NOC | Frehir · age_up castle |
| 16:13 | Somero · wall_segment Stone Wall x4 |
| 16:16 | Somero · wall_segment Stone Wall x3 |
| 16:18 | NOC | Frehir · first_building Siege Workshop |
| 16:24 | noah!!!!!!!!!! · wall_segment Stone Wall x1 |
| 16:25 | noah!!!!!!!!!! · wall_segment Stone Wall x1 |
| 16:26 | noah!!!!!!!!!! · wall_segment Stone Wall x1 |
| 16:26 | Rodney McKay · age_up castle |
| 16:27 | noah!!!!!!!!!! · wall_segment Stone Wall x1 |
| 16:28 | noah!!!!!!!!!! · wall_segment Stone Wall x1 |
| 16:28 | Rodney McKay · first_building Stable |
| 16:32 | NOC | Frehir · first_market_buy 100 wood |
| 16:34 | NOC | Frehir · first_building Monastery |
| 16:36 | Somero · wall_segment Stone Wall x4 |
| 16:40 | Rooster · age_up castle |
| 16:44 | Somero · wall_segment Stone Wall x5 |
| 16:44 | Rooster · first_building Monastery |
| 16:47 | Somero · first_market_sell 100 wood |
| 16:48 | Somero · first_market_buy 100 stone |
| 16:52 | Somero · wall_segment Stone Wall x4 |
| 17:02 | Somero · wall_segment Stone Wall x1 |
| 17:05 | Somero · wall_segment Stone Wall x3 |
| 17:09 | Somero · wall_segment Stone Wall x4 |
| 17:23 | NOC | Frehir · wall_segment Stone Wall x7 |
| 17:49 | Somero · wall_segment Stone Wall x2 |
| 17:50 | noah!!!!!!!!!! · wall_segment Stone Wall x1 |
| 18:36 | noah!!!!!!!!!! · first_market_buy 100 food |
| 19:18 | Somero · first_building Monastery |
| 19:23 | Rooster · wall_segment Stone Wall x20 |
| 19:23 | Somero · wall_segment Stone Wall x5 |
| 19:27 | NOC | Frehir · wall_segment Stone Wall x1 |
| 20:09 | Rodney McKay · first_building Monastery |
| 20:11 | Rooster · first_market_buy 100 food |
| 20:17 | coolcat23 · first_market_sell 100 wood |
| 20:32 | Rooster · first_building Siege Workshop |
| 20:56 | Rooster · wall_segment Stone Wall x19 |
| 21:30 | Rooster · first_building Barracks |
| 21:37 | Rooster · age_up imperial |
| 21:40 | noah!!!!!!!!!! · age_up castle |
| 22:02 | BalvinatoR · first_building Monastery |
| 22:03 | noah!!!!!!!!!! · first_building Barracks |
| 22:05 | Rooster · first_building Archery Range |
| 22:08 | noah!!!!!!!!!! · first_building Stable |
| 22:40 | BalvinatoR · wall_segment Stone Wall x12 |
| 23:14 | BalvinatoR · first_building Siege Workshop |
| 23:49 | BalvinatoR · first_building Barracks |
| 24:16 | noah!!!!!!!!!! · wall_segment Stone Wall x11 |
| 24:28 | BalvinatoR · first_building Archery Range |
| 25:16 | noah!!!!!!!!!! · first_market_sell 100 stone |
| 25:34 | KnightLifeAoC · first_building Monastery |
| 25:57 | Rodney McKay · first_market_buy 100 stone |
| 26:42 | Rodney McKay · resign |
| 26:44 | BalvinatoR · first_building Castle |
| 26:55 | BalvinatoR · age_up imperial |
[ AI ANALYSIS · 1 CREDIT ]
What really happened in this match?
Wolo.gg analyzes every decision: build order, eco, micro, common mistakes by bracket. Personalized analysis on WhatsApp or Discord in 30 seconds.
Civ guide
Britons
Perfil
Jugador #90088